 Dungeon Crawl Stone Soup version 0.21.0 (webtiles) character file.

2322 AllRandomAllDemise the Cleaver (level 9, -17/82 HPs)
             Began as a Minotaur Berserker on Jan 7, 2018.
             Was a Believer of Trog.
             Demolished by a polar bear (20 damage)
             ... on level 8 of the Dungeon.
             The game lasted 00:02:32 (3082 turns).

AllRandomAllDemise the Cleaver (Minotaur Berserker) Turns: 3082, Time: 00:02:32

Health: -17/82     AC:  8    Str: 22    XL:     9   Next: 19%
Magic:  8/8        EV:  7    Int:  4    God:    Trog [**....]
Gold:   188        SH: 11    Dex: 13    Spells: 8/8 levels left

rFire    . . .     SeeInvis .   a - +2 hand axe (chop)
rCold    + . .     Gourm    .   j - +0 shield
rNeg     . . .     Faith    .   i - +0 chain mail
rPois    .         Spirit   .   (helmet restricted)
rElec    .         Reflect  .   (no cloak)
rCorr    .         Harm     .   (no gloves)
MR       .....                  (no boots)
Stlth    ..........             (no amulet)
HPRegen  0.23/turn              h - ring of protection from cold
MPRegen  0.11/turn              (no ring)

@: berserk cooldown, slowed, very slow
A: retaliatory headbutt, horns 2
a: Berserk, Trog's Hand, Burn Spellbooks, Renounce Religion


You were on level 8 of the Dungeon.
You worshipped Trog.
Trog was pleased with you.
You were hungry.

You visited 1 branch of the dungeon, and saw 8 of its levels.

You collected 188 gold pieces.

Inventory:

Hand Weapons
 a - a +2 hand axe of chopping (weapon)
Armour
 i - a +0 chain mail (worn)
 j - a +0 shield (worn)
Jewellery
 h - a ring of protection from cold (left hand)
 q - an uncursed ring of fire
 r - an uncursed ring of ice
Scrolls
 c - 2 scrolls of identify {unknown}
 e - a scroll of amnesia {unknown}
 g - a scroll of remove curse
 l - a scroll of immolation {unknown}
 m - 2 scrolls of random uselessness {unknown}
 n - a scroll of noise {unknown}
Potions
 b - a potion of haste {unknown}
 d - a potion of heal wounds {unknown}
 k - 2 potions of flight {unknown}
 o - 2 potions of might {unknown}


   Skills:
 + Level 8.3 Fighting
 * Level 11.1 Axes
 - Level 2.4 Armour
 - Level 2.1 Dodging
 + Level 6.8 Shields


You had 8 spell levels left.
You didn't know any spells.

Dungeon Overview and Level Annotations

Branches:
Dungeon (8/15)
 Temple: D:4-7         Lair: D:8-11

Altars:
Okawaru
Trog


Innate Abilities, Weirdness & Mutations

You reflexively headbutt those who attack you in melee.
You have a pair of horns on your head.


Message History

* * * LOW HITPOINT WARNING * * *
The polar bear claws you.
* * * LOW HITPOINT WARNING * * *
The polar bear closely misses you.
Unknown command.
You hit the polar bear. Your headbutt misses the polar bear.
The polar bear is almost dead.
You block the polar bear's attack. The polar bear barely misses you.
The polar bear claws you but does no damage.
The polar bear bites you!
* * * LOW HITPOINT WARNING * * *
The polar bear claws you.
* * * LOW HITPOINT WARNING * * *
You block the polar bear's attack.
As you read the scroll labeled UPOES NEACIUPN, it crumbles to dust.
You assume a fearsome visage.
It was a scroll of fear.
The polar bear barely misses you. The polar bear misses you.
The polar bear claws you but does no damage.
The polar bear bites you!!
You die...

...# ... ####.#### #+#
.! #≈≈≈.≈≈≈# #.# #..
#≈.....≈# #.# #..#
.#......≈### ##.####≈≈≈.
...........###...≈≈≈≈≈≈#
#......h#.##...≈≈≈≈≈≈≈#
#≈....@≈#.......≈≈≈≈≈≈#
#≈≈≈..≈≈#####.#.###≈≈≈#
####.#### #.###......#
... ##.#.#####.. ###
##.## #.# #.# #.# #.#


You could see a polar bear (berserk).

Vanquished Creatures
  A polar bear (D:8)
  A hippogriff (D:7)
  Prince Ribbit (D:7)
  A hungry ghost (D:7)
  Menkaure (D:7)
  2 orc warriors (D:8)
  4 ice beasts
  3 ogres
  2 centaurs (D:6)
  A bullfrog (D:7)
  4 howler monkeys
  An electric eel (D:8)
  2 crimson imps
  An orc priest (D:8)
  An iguana (D:7)
  An orc wizard (D:5)
  2 worker ants
  An adder (D:2)
  An ufetubus (D:8)
  A dart slug (D:1)
  24 orcs
  A bat (D:2)
  2 giant cockroaches
  2 goblins (D:1)
  A hobgoblin (D:2)
  A quokka (D:2)
  2 frilled lizards
  A jackal skeleton (D:6)
  A rat (D:2)
67 creatures vanquished.

Notes
Turn   | Place    | Note
-------+----------+-------------------------------------------
     0 | D:1      | AllRandomAllDemise the Minotaur Berserker began the quest for the Orb.
     0 | D:1      | Reached XP level 1. HP: 19/19 MP: 0/0
    69 | D:1      | Reached skill level 4 in Axes
   143 | D:2      | Reached XP level 2. HP: 25/27 MP: 1/1
   603 | D:5      | Entered Level 5 of the Dungeon
   655 | D:5      | Reached XP level 3. HP: 33/33 MP: 2/2
   660 | D:5      | Reached skill level 5 in Axes
   833 | D:5      | Reached XP level 4. HP: 35/41 MP: 3/3
   942 | D:6      | Noticed an ogre
   945 | D:6      | Killed an ogre
   945 | D:6      | Reached skill level 6 in Axes
   945 | D:6      | Reached skill level 1 in Shields
   945 | D:6      | Reached XP level 5. HP: 47/47 MP: 4/4
   978 | D:6      | Noticed a centaur
   986 | D:6      | Killed a centaur
   986 | D:6      | Reached skill level 5 in Fighting
  1038 | D:6      | Noticed an ice beast
  1049 | D:6      | Killed an ice beast
  1049 | D:6      | Reached XP level 6. HP: 50/56 MP: 5/5
  1128 | D:6      | Reached skill level 7 in Axes
  1156 | D:6      | Found an iron altar of Okawaru.
  1470 | D:7      | Reached XP level 7. HP: 62/62 MP: 6/6
  1476 | D:7      | Noticed a hungry ghost
  1479 | D:7      | Reached ** piety under Trog
  1503 | D:7      | Killed a hungry ghost
  1503 | D:7      | Reached skill level 8 in Axes
  1542 | D:7      | Noticed a hippogriff
  1556 | D:7      | Killed a hippogriff
  1558 | D:7      | Reached XP level 8. HP: 17/71 MP: 7/7
  1986 | D:7      | Reached skill level 9 in Axes
  1986 | D:7      | Reached skill level 5 in Shields
  2024 | D:7      | Noticed Menkaure
  2029 | D:7      | Killed Menkaure
  2379 | D:7      | Found the +6 lightning scales {run, rElec}
  2424 | D:7      | Noticed Prince Ribbit
  2429 | D:7      | Found a bloodstained altar of Trog.
  2435 | D:7      | Killed Prince Ribbit
  2435 | D:7      | Reached skill level 10 in Axes
  2653 | D:8      | Noticed a polar bear
  2659 | D:8      | Killed a polar bear
  2764 | D:8      | Reached XP level 9. HP: 80/81 MP: 8/8
  2776 | D:8      | Reached skill level 11 in Axes
  3063 | D:8      | Noticed a polar bear
  3081 | D:8      | HP: 8/82 [polar bear (15)]
  3081 | D:8      | HP: 2/82 [polar bear (6)]
  3082 | D:8      | Demolished by a polar bear

Skill      XL: |  1  2  3  4  5  6  7  8  9 |
---------------+----------------------------+-----
Axes           | 4 5 6 7 8 10 11 | 11.1
Fighting       | 4 5 6 8 |  8.3
Shields        | 1 2 3 4 6 |  6.8
Armour         | |  2.4
Dodging        | |  2.1

Action                   |  1- 3 |  4- 6 |  7- 9 || total
-------------------------+-------+-------+-------++-------
Melee: Hand axe          |    52 |    31 |   113 ||   196
       Headbutt          |     6 |     7 |    20 ||    33
Invok: Berserk           |     1 |     2 |     5 ||     8
       Trog's Hand       |       |       |     2 ||     2
       Burn Spellbooks   |       |       |     1 ||     1
  Use: Scroll            |       |     2 |     1 ||     3
  Eat: Chunk             |       |     4 |    10 ||    14
       Ration            |       |       |     1 ||     1
Armor: Animal skin       |     3 |       |       ||     3
       Chain mail        |    28 |     9 |    53 ||    90
Dodge: Dodged            |    15 |     6 |    36 ||    57
Block: Shield            |     2 |    13 |    68 ||    83
